 Dungeon Crawl Stone Soup version 0.25.1-2-g60ff931df9 (webtiles) character file.

Game seed: 18154708666833684049

235457 diana the Fencer (level 19, -4/150 HPs)
             Began as a Demonspawn Gladiator on Sept 6, 2020.
             Was the Champion of Okawaru.
             Collided with a stone wall (12 damage)
             ... caused by a nagaraja
             ... on level 4 of the Snake Pit.
             The game lasted 01:14:44 (34290 turns).

diana the Fencer (Demonspawn Gladiator)            Turns: 34290, Time: 01:14:45

Health: -4/150     AC: 21    Str: 28    XL:     19   Next: 25%
Magic:  0/24       EV: 19    Int: 10    God:    Okawaru [******]
Gold:   2592       SH: 34    Dex: 26    Spells: 18/18 levels left

rFire    + . .     SeeInvis +   U - +13 Maxwell's thermic engine {flame, freeze}
rCold    + + .     Gourm    .   j - +4 tower shield {reflect}
rNeg     + + +     Faith    +   i - +5 ring mail "Rang" {rC+ rN+ Dex+4}
rPois    .         Spirit   +   (helmet unavailable)
rElec    .         Reflect  +   b - +2 cloak {rF+}
rCorr    .         Harm     .   J - +1 pair of gloves
MR       +....                  F - +2 pair of boots of the Original Sin {*Contam rN++ Str+2 Slay+3}
Stlth    +.........             T - amulet of faith
HPRegen  0.35/turn              N - ring of Mailaol {rC+ Dex+5 SInv}
MPRegen  0.38/turn              H - +6 ring of strength

@: lethally poisoned (-4 -> -7)
A: horns 3, large bone plates 3, spiny 2, augmentation 2, magic shield, magic
regeneration, magic link
a: Heroism, Finesse, Renounce Religion


You were on level 4 of the Snake Pit.
You worshipped Okawaru.
Okawaru was exalted by your worship.
You were hungry.

You visited 5 branches of the dungeon, and saw 28 of its levels.
You also visited: Bailey, Gauntlet, Ice Cave and Volcano.

You collected 3136 gold pieces.
You spent 544 gold pieces at shops.

Inventory:

Hand Weapons
 P - a +9 double sword of flaming
 U - the +13 Maxwell's thermic engine (weapon) {flame, freeze}
   (You found it on level 5 of the Lair of Beasts)

   It has been specially enchanted to burn those struck by it, causing extra
   injury to most foes and up to half again as much damage against particularly
   susceptible opponents.
   Big, fiery blades are also staple armaments of hydra-hunters.
   It has been specially enchanted to freeze those struck by it, causing extra
   injury to most foes and up to half again as much damage against particularly
   susceptible opponents.
Missiles
 d - 8 throwing nets
 k - 11 silver boomerangs
 x - 40 boomerangs (quivered)
 S - 14 javelins
Armour
 b - a +2 cloak of fire resistance (worn)
 i - the +5 ring mail "Rang" (worn) {rC+ rN+ Dex+4}
   (You bought it in a shop on level 4 of the Dungeon)

   It affects your dexterity (+4).
   It protects you from cold.
   It protects you from negative energy.
 j - a +4 tower shield of reflection (worn)
 C - a scarf of repulsion
 F - the +2 pair of boots of the Original Sin (worn) {*Contam rN++ Str+2 Slay+3}
   (Okawaru gifted it to you on level 9 of the Dungeon)

   It affects your strength (+2).
   It affects your accuracy and damage with ranged weapons and melee attacks
   (+3).
   It greatly protects you from negative energy.
   It causes magical contamination when unequipped.
 J - a +1 pair of gloves (worn)
Jewellery
 H - a +6 ring of strength (right hand)
 N - the ring of Mailaol (left hand) {rC+ Dex+5 SInv}
   (You took it off a meliai in a Gauntlet)

   [ring of see invisible]

   It affects your dexterity (+5).
   It protects you from cold.
   It lets you see invisible.
 T - an amulet of faith (around neck)
Wands
 g - a wand of paralysis (16)
 r - a wand of flame (29)
 I - a wand of digging (2)
 K - a wand of clouds (16)
 L - a wand of acid (42)
 O - a wand of disintegration (16)
Scrolls
 c - a scroll of immolation
 e - 14 scrolls of remove curse
 h - 2 scrolls of identify
 m - a scroll of summoning
 n - a scroll of fog
 o - 5 scrolls of fear
 p - 14 scrolls of teleportation
 q - 7 scrolls of amnesia
 s - 2 scrolls of enchant weapon
 t - 3 scrolls of blinking
 M - 5 scrolls of torment
 V - a scroll of magic mapping
Potions
 a - 4 potions of resistance
 l - 7 potions of lignification
 u - 3 potions of curing
 v - 2 potions of heal wounds
 w - 3 potions of ambrosia
 z - 2 potions of berserk rage
 A - 2 potions of haste
 B - 5 potions of stabbing
 D - 4 potions of magic
 E - 3 potions of flight
 G - 4 potions of might
 R - 4 potions of brilliance
 W - 2 potions of cancellation
 Z - a potion of invisibility
Comestibles
 f - 35 rations


   Skills:
 + Level 13.4 Fighting
 - Level 16.9 Long Blades
 - Level 10.0 Throwing
 - Level 10.0 Armour
 - Level 10.0 Dodging
 + Level 14.6 Shields
 - Level 7.0 Invocations


You had 18 spell levels left.
You didn't know any spells.
Your spell library contained the following spells:

 Spells                   Type           Power        Failure   Level  Hunger
 Animate Skeleton         Necr           N/A          89%         1    ##.....
 Freeze                   Ice            #...         89%         1    ##.....
 Pain                     Necr           #...         89%         1    ##.....
 Shock                    Conj/Air       #...         89%         1    ##.....
 Blink                    Tloc           N/A          96%         2    ###....
 Confusing Touch          Hex            #.......     99%         3    ####...
 Frozen Ramparts          Ice            #.....       99%         3    ####...
 Gell's Gravitas          Tloc           #.........   99%         3    ####...
 Ozocubu's Armour         Chrm/Ice       #.......     99%         3    ####...
 Portal Projectile        Hex/Tloc       #.....       99%         3    ####...
 Recall                   Summ/Tloc      N/A          99%         3    ####...
 Teleport Other           Tloc           #.......     99%         3    ####...
 Vampiric Draining        Necr           #.........   99%         3    ####...
 Animate Dead             Necr           N/A          100%        4    #####..
 Hailstorm                Conj/Ice       #.......     100%        4    #####..
 Petrify                  Tmut/Erth      #.......     100%        4    #####..
 Summon Ice Beast         Ice/Summ       #.......     100%        4    #####..
 Agony                    Necr           #.......     100%        5    ######.
 Borgnjor's Vile Clutch   Necr/Erth      #.........   100%        5    ######.
 Metabolic Englaciation   Hex/Ice        #.........   100%        5    ######.
 Yara's Violent Unravell  Hex/Tmut       #.........   100%        5    ######.
 Death Channel            Necr           #.........   100%        6    #######
 Dispersal                Tloc           #.........   100%        6    #######
 Simulacrum               Ice/Necr       #.........   100%        6    #######
 Tornado                  Air            #.........   100%        9    #######


Dungeon Overview and Level Annotations

Branches:
Dungeon (15/15)            Temple (1/1) D:4            Lair (6/6) D:9
 Shoals (0/4) Lair:4        Snake (4/4) Lair:3        Slime (0/5) Lair:6
    Orc (2/2) D:11            Elf (0/3) Orc:2        Vaults (0/5) D:13
 Depths (0/5) D:15         Bailey (visited)           IceCv (visited)
Volcano (visited)         Gauntlet (visited)

Altars:
Ashenzari
Cheibriados
Dithmenos
Elyvilon
Fedhas
Gozag
Hepliaklqana
Kikubaaqudgha
Makhleb
Nemelex Xobeh
Okawaru
Qazlal
Ru
Sif Muna
Trog
Uskayaw
Vehumet
Wu Jian
Xom
Yredelemnul
Zin
The Shining One
Beogh

Shops:
D:4 *[   D:6 ?   D:12 :*   Orc:2 ?[([?

Annotations:
D:7 2 transporters, praxismo's ghost, novice MiBe
Orc:1 2 runed translucent doors, exclusion: orange crystal statue


Innate Abilities, Weirdness & Mutations

You have a pair of large horns on your head.
You are completely covered in large bone plates. (SH +8)
You are mostly covered in sharp spines.
Your magical and physical power is enhanced at high health.
When hurt, damage is shared between your health and your magic reserves.
You regenerate magic rapidly.
When low on magic, you restore magic in place of health.


Message History

The naga spits poison at you.
Your +4 tower shield of reflection reflects the splash of poison!
The splash of poison hits the naga but does no damage.
The nagaraja spits poison at you.
The splash of poison hits you but does no damage.
You are poisoned.
The naga spits poison at you.
Your +4 tower shield of reflection reflects the splash of poison!
The splash of poison hits the nagaraja.
The nagaraja looks even sicker.
You slice the nagaraja!! You burn the nagaraja.
You kill the nagaraja!
Okawaru accepts your kill.
You hear a splash. x2
You feel sick.
The nagaraja gestures at you while chanting.
The lance of force hits you!
* * * LOW HITPOINT WARNING * * *
You are knocked back by the lance of force.
You slam into the stone wall!
You die...

...##.....##≈.≈≈≈≈≈≈..#
##.##....##≈≈.≈≈≈≈≈≈.#
.####.#.#≈≈≈...≈≈≈≈.#
## ##...##≈≈≈≈......# #
#.#.#.# ≈≈N.N≈≈.#
######...## #≈))≈#
..##.#...### #()≈#
.....##..).## #N[##
......##....###.@#
##.....####.....##
##...#....##...##
###..#...# ##### #
##.....#### #
##.......# # #.#####.#
#####.#####..#
....#.....≈≈≈#


You could see a nagaraja (fast, catching breath) and 2 nagas.

Vanquished Creatures
  Bai Suzhen (Snake:3)
  Rupert (D:12)
  Gastronok (Lair:2)
  Kirke (D:15)
  7 nagarajas
  2 orc warlords
  Aizul (Snake:3)
  A reaper (Gauntlet)
  Azrael (Snake:1)
  A minotaur (Gauntlet)
  A red draconian (Volcano)
  A fire dragon (Lair:6)
  2 blizzard demons (IceCv)
  13 hydras
  Fannar (Lair:2)
  17 naga warriors
  6 anacondas
  A death knight (D:12)
  Erica (D:8)
  A centaur warrior (D:14)
  14 two-headed ogres
  5 death yaks (D:9)
  4 orc high priests
  2 ogre magi
  A tengu warrior (D:13)
  6 shock serpents
  Nergalle (Lair:1)
  12 naga sharpshooters
  Sonja (Lair:4)
  5 unseen horrors
  9 sea snakes
  8 naga ritualists
  A harpy (shapeshifter) (D:14)
  Pikel (D:7)
  2 wizards (D:15)
  2 lindwurms
  16 mana vipers
  A deep elf mage (D:15)
  A necromancer (D:15)
  6 salamanders
  2 orc sorcerers
  2 orc knights
  5 slime creatures (D:13)
  19 ugly things
  5 elephants
  2 manticores
  4 centaur zombies
  A black mamba (shapeshifter) (D:13)
  39 black mambas
  2 ice statues
  19 naga magi
  5 torpor snails (Lair:6)
  10 guardian serpents (Snake:4)
  2 gargoyles
  4 kobold demonologists
  5 komodo dragons
  8 spiny frogs
  3 rime drakes
  3 anaconda simulacra (IceCv)
  5 freezing wraiths
  A hellwing (Gauntlet)
  3 golden dragon simulacra (IceCv)
  The ghost of protoss039 the Magician, a novice DEEE of Sif Muna (D:4)
  3 meliai (Gauntlet)
  7 ice devils (IceCv)
  A tengu conjurer (D:13)
  11 trolls
  18 blink frogs
  4 polar bears
  Prince Ribbit (Lair:2)
  4 tyrant leeches (Lair:6)
  9 hornets
  A hornet (shapeshifter) (D:13)
  Grinder (D:3)
  A harpy skeleton (D:14)
  A snapping turtle (Lair:4)
  6 hippogriffs
  4 meliai zombies
  3 centaur simulacra
  2 dire elephant simulacra (IceCv)
  A redback (shapeshifter) (D:13)
  A wraith (D:14)
  2 shadows
  A vampire (D:9)
  A human (D:8)
  7 wyverns
  6 hogs
  A basilisk (shapeshifter) (D:13)
  2 fire elementals (Snake:1)
  14 yaks
  2 basilisks
  3 vampire mosquitoes
  A steam dragon (D:11)
  3 hungry ghosts
  Menkaure (D:4)
  Edmund (D:4)
  6 wargs
  2 acid dragons
  3 iron troll simulacra (IceCv)
  54 nagas
  5 hydra simulacra (IceCv)
  2 harpy simulacra (IceCv)
  3 hell hounds (Snake:1)
  2 porcupines
  17 water moccasins
  39 orc warriors
  3 sky beasts
  An ettin simulacrum (IceCv)
  2 ice beasts
  19 ogres
  4 slaves (D:7)
  4 phantoms
  2 necrophages (D:8)
  13 wolves
  4 centaurs
  13 crocodiles
  5 big kobolds
  7 bullfrogs
  2 gnoll sergeants
  A water moccasin skeleton (D:5)
  4 scorpions
  A killer bee (shapeshifter) (D:13)
  An elephant simulacrum (IceCv)
  24 killer bees
  2 electric eels
  10 wights
  3 howler monkeys
  10 crimson imps
  2 bullfrog zombies (D:12)
  2 draconian simulacra (IceCv)
  8 jellies
  4 centaur skeletons
  8 hounds
  27 orc priests
  A gnoll shaman (D:4)
  27 orc wizards
  4 bullfrog skeletons
  2 iguanas
  3 spriggan simulacra (IceCv)
  14 worker ants
  3 troll simulacra (IceCv)
  3 hound zombies
  2 hound skeletons
  Robin (D:3)
  2 worker ant zombies
  18 gnolls
  2 howler monkey skeletons
  A naga simulacrum (IceCv)
  16 adders
  An ogre simulacrum (IceCv)
  7 shadow imps
  8 white imps (IceCv)
  6 ufetubi (IceCv)
  An ooze (D:7)
  An adder zombie (D:6)
  3 worms (D:2)
  4 dart slugs
  7 leopard geckos
  152 orcs
  9 bats
  5 giant cockroaches
  19 goblins
  8 hobgoblins
  7 jackals
  8 quokkas
  6 ball pythons
  5 frilled lizards
  A jackal zombie (D:5)
  38 kobolds
  2 leopard gecko skeletons (D:6)
  A leopard gecko zombie (D:8)
  A quokka skeleton (D:8)
  A quokka zombie (D:8)
  11 rats
  A plant (Lair:6)
1164 creatures vanquished.

Vanquished Creatures (others)
  A guardian serpent (Snake:4)
  A black mamba (Snake:4)
  A naga mage (Snake:4)
  A crimson imp (D:14)
  A frilled lizard (D:4)
  2 plants
7 creatures vanquished.

Grand Total: 1171 creatures vanquished

Notes
Turn   | Place    | Note
-------+----------+-------------------------------------------
     0 | D:1      | diana the Demonspawn Gladiator began the quest for the Orb.
     0 | D:1      | Reached XP level 1. HP: 16/16 MP: 1/1
   338 | D:1      | Gained mutation: When hurt, damage is shared between your
                  | health and your magic reserves. [demonic ancestry]
   338 | D:1      | Reached XP level 2. HP: 19/22 MP: 2/2
   671 | D:1      | Reached skill level 3 in Long Blades
  1175 | D:2      | Reached skill level 1 in Armour
  1177 | D:2      | Gained mutation: You are partially covered in sharp spines.
                  | [demonic ancestry]
  1177 | D:2      | Reached XP level 3. HP: 22/28 MP: 1/3
  1882 | D:2      | Gained mutation: You have a pair of small horns on your
                  | head. [demonic ancestry]
  1882 | D:2      | Reached XP level 4. HP: 34/34 MP: 4/4
  2271 | D:3      | Found a shattered altar of Ashenzari.
  2686 | D:3      | Noticed Robin
  2693 | D:3      | Killed Robin
  2966 | D:3      | Gained mutation: You have a pair of horns on your head.
                  | [demonic ancestry]
  2966 | D:3      | Reached XP level 5. HP: 41/41 MP: 5/5
  3055 | D:3      | Noticed Grinder
  3070 | D:3      | Paralysed by Grinder for 3 turns
  3083 | D:3      | Killed Grinder
  3083 | D:3      | Reached skill level 4 in Long Blades
  3083 | D:3      | Reached skill level 1 in Shields
  3083 | D:3      | Gained mutation: You are partially covered in large bone
                  | plates. (SH +4) [demonic ancestry]
  3083 | D:3      | Reached XP level 6. HP: 15/47 MP: 1/6
  3533 | D:4      | Noticed Menkaure
  3541 | D:4      | Killed Menkaure
  3567 | D:4      | Found Zaalisch's Antique Armour Emporium.
  3584 | D:4      | Found an opulent altar of Gozag.
  3619 | D:4      | Reached XP level 7. HP: 46/52 MP: 7/7
  3669 | D:4      | Found a radiant altar of Vehumet.
  3791 | D:4      | Reached skill level 5 in Long Blades
  3793 | D:4      | Noticed Edmund
  3824 | D:4      | Killed Edmund
  4291 | D:4      | Found a staircase to the Ecumenical Temple.
  4330 | Temple   | Entered the Ecumenical Temple
  4417 | Temple   | Became a worshipper of Warmaster Okawaru
  4436 | D:4      | Reached XP level 8. HP: 58/58 MP: 6/8
  4520 | D:4      | Found a large runed translucent door.
  4521 | D:4      | Found a large runed translucent door.
  4522 | D:4      | Noticed protoss039's ghost (novice DEEE)
  4534 | D:4      | Found Muogh's General Store.
  4638 | D:5      | Entered Level 5 of the Dungeon
  4837 | D:5      | Reached skill level 5 in Armour
  4871 | D:5      | Reached skill level 6 in Long Blades
  5146 | D:4      | Bought a faintly humming ring mail for 261 gold pieces
  5156 | D:4      | Identified the +5 ring mail "Rang" {rC+ rN+ Dex+4} (You
                  | bought it in a shop on level 4 of the Dungeon)
  5300 | D:5      | Reached * piety under Okawaru
  5783 | D:6      | Reached skill level 5 in Shields
  5788 | D:6      | Found Ypruc's Magic Scroll Shoppe.
  5796 | D:6      | Bought a scroll of noise for 14 gold pieces
  6009 | D:7      | Found a bloodstained altar of Trog.
  6117 | D:7      | Noticed Pikel
  6172 | D:7      | Found a transporter.
  6175 | D:7      | Found a transporter.
  6181 | D:7      | Noticed an ancient zyme
  6189 | D:7      | Noticed praxismo's ghost (novice MiBe)
  6276 | D:7      | Gained mutation: You have a pair of large horns on your
                  | head. [demonic ancestry]
  6276 | D:7      | Reached XP level 9. HP: 60/66 MP: 7/9
  6458 | D:7      | Killed Pikel
  6458 | D:7      | Reached ** piety under Okawaru
  6458 | D:7      | Reached skill level 5 in Fighting
  6458 | D:7      | Reached skill level 7 in Long Blades
  6694 | D:7      | Noticed a toenail golem
  7084 | D:8      | Noticed Erica
  7084 | D:8      | Paralysed by Erica for 3 turns
  7093 | D:8      | Paralysed by Erica for 2 turns
  7105 | D:8      | Killed Erica
  7105 | D:8      | Reached *** piety under Okawaru
  7105 | D:8      | Reached skill level 8 in Long Blades
  7470 | D:8      | Noticed a troll
  7709 | D:8      | Gained mutation: You are mostly covered in large bone
                  | plates. (SH +6) [demonic ancestry]
  7709 | D:8      | Reached XP level 10. HP: 54/74 MP: 5/10
  7728 | D:8      | Reached **** piety under Okawaru
  8053 | D:8      | Reached skill level 9 in Long Blades
  8213 | D:8      | Reached ***** piety under Okawaru
  8330 | D:9      | Found a staircase to the Lair.
  8330 | D:9      | Noticed a death yak
  8330 | D:9      | Noticed a death yak
  8330 | D:9      | Noticed a death yak
  8331 | D:9      | Noticed a death yak
  8332 | D:9      | Reached skill level 1 in Invocations
  8332 | D:9      | Noticed a death yak
  8333 | D:9      | Noticed a death yak
  8354 | D:9      | Killed a death yak
  8354 | D:9      | Received a gift from Okawaru
  8355 | D:9      | Got a pair of ancient boots {god gift}
  8553 | D:8      | Identified the +2 pair of boots of the Original Sin
                  | {*Contam rN++ Str+2 Slay+3} (Okawaru gifted it to you on
                  | level 9 of the Dungeon)
  8588 | D:9      | Killed a death yak
  8593 | D:9      | Killed a death yak
  8600 | D:9      | Killed a death yak
  8600 | D:9      | Reached skill level 10 in Long Blades
  8600 | D:9      | Reached skill level 5 in Invocations
  8600 | D:9      | Reached XP level 11. HP: 44/79 MP: 2/14
  8607 | D:9      | Killed a death yak
  8879 | D:9      | Found a white marble altar of Elyvilon.
  9138 | D:9      | Reached skill level 10 in Armour
  9605 | D:10     | Entered Level 10 of the Dungeon
  9777 | D:4      | Killed protoss039's ghost
 10131 | D:10     | Reached skill level 11 in Long Blades
 10483 | D:10     | Noticed an unseen horror
 10487 | D:10     | Killed an unseen horror
 10770 | D:11     | Noticed an eight-headed hydra
 10782 | D:11     | Killed a five-headed hydra
 10782 | D:11     | Received a gift from Okawaru
 10782 | D:11     | Reached skill level 12 in Long Blades
 10913 | D:11     | Found a staircase to the Orcish Mines.
 11386 | D:11     | Noticed a two-headed ogre
 11389 | D:11     | Killed a two-headed ogre
 11389 | D:11     | Gained mutation: You regenerate magic rapidly. [demonic
                  | ancestry]
 11389 | D:11     | Reached XP level 12. HP: 83/86 MP: 17/17
 11733 | Lair:1   | Entered Level 1 of the Lair of Beasts
 11741 | Lair:1   | Noticed a five-headed hydra
 11750 | Lair:1   | Killed a one-headed hydra
 11922 | Lair:1   | Received a gift from Okawaru
 11962 | Lair:1   | Reached skill level 13 in Long Blades
 12076 | Lair:1   | Found a dark tunnel.
 12085 | Volcano  | Entered a volcano
 12123 | Volcano  | Noticed a two-headed ogre
 12123 | Volcano  | Noticed a red draconian
 12125 | Volcano  | Noticed a two-headed ogre
 12129 | Volcano  | Killed a two-headed ogre
 12132 | Volcano  | Killed a two-headed ogre
 12141 | Volcano  | Killed a red draconian
 12291 | Volcano  | Noticed a two-headed ogre
 12291 | Volcano  | Noticed a two-headed ogre
 12291 | Volcano  | Noticed an ogre mage
 12304 | Volcano  | Killed a two-headed ogre
 12306 | Volcano  | Killed a two-headed ogre
 12306 | Volcano  | Reached skill level 14 in Long Blades
 12312 | Volcano  | Killed an ogre mage
 12312 | Volcano  | Reached ****** piety under Okawaru
 12459 | Volcano  | Noticed a two-headed ogre
 12466 | Volcano  | Killed a two-headed ogre
 12627 | Lair:1   | Noticed Nergalle
 12639 | Lair:1   | Killed Nergalle
 13026 | Lair:2   | Found a gate leading to a gauntlet.
 13035 | Gauntlet | Entered a Gauntlet
 13035 | Gauntlet | Found a transporter.
 13035 | Gauntlet | Found a transporter.
 13051 | Gauntlet | Found a transporter.
 13055 | Gauntlet | Found a transporter.
 13067 | Gauntlet | Found a transporter.
 13067 | Gauntlet | Identified the ring of Mailaol {rC+ Dex+5 SInv}
 13069 | Gauntlet | Found a transporter.
 13079 | Gauntlet | Found a transporter.
 13079 | Gauntlet | Noticed a reaper
 13098 | Gauntlet | Noticed a death yak
 13099 | Gauntlet | Noticed a death yak
 13099 | Gauntlet | Noticed a death yak
 13100 | Gauntlet | Found a transporter.
 13100 | Gauntlet | Noticed a death yak
 13100 | Gauntlet | Noticed a death yak
 13101 | Gauntlet | Noticed a death yak
 13119 | Gauntlet | Found a transporter.
 13121 | Gauntlet | Found a transporter.
 13121 | Gauntlet | Noticed a hell hog
 13131 | Gauntlet | Found a transporter.
 13135 | Gauntlet | Found a transporter.
 13230 | Gauntlet | Received a gift from Okawaru
 13689 | Gauntlet | Killed a reaper
 13689 | Gauntlet | Reached skill level 15 in Long Blades
 13719 | Gauntlet | Got an ancient golden ring
 13723 | Gauntlet | Identified the ring of Zuigutar {rElec MR+ Str-5 SInv} (You
                  | found it in a Gauntlet)
 13947 | Gauntlet | Noticed a minotaur
 13956 | Gauntlet | Killed a minotaur
 13967 | Gauntlet | Identified the Catalogue of the Traveller
 14027 | Lair:2   | Gained mutation: When low on magic, you restore magic in
                  | place of health. [demonic ancestry]
 14027 | Lair:2   | Reached XP level 13. HP: 69/91 MP: 18/18
 14029 | Lair:2   | Noticed Prince Ribbit
 14041 | Lair:2   | Killed Prince Ribbit
 14279 | Lair:2   | Noticed Fannar
 14300 | Lair:2   | Killed Fannar
 14811 | Lair:2   | Noticed Gastronok
 14824 | Lair:2   | Killed Gastronok
 14824 | Lair:2   | Received a gift from Okawaru
 14824 | Lair:2   | Reached skill level 16 in Long Blades
 14827 | Lair:2   | Got a shimmering cloak {god gift}
 14838 | Lair:2   | Identified the +0 cloak "Ofaunt" {Harm rPois Str-2 Int+3}
                  | (Okawaru gifted it to you on level 2 of the Lair of Beasts)
 15335 | Lair:3   | Found a staircase to the Snake Pit.
 16022 | Lair:4   | Noticed Sonja
 16029 | Lair:4   | Killed Sonja
 16888 | Lair:4   | Found a staircase to the Shoals.
 16976 | Lair:4   | Reached skill level 5 in Dodging
 17233 | Orc:1    | Entered Level 1 of the Orcish Mines
 17836 | Orc:1    | Reached skill level 5 in Throwing
 17842 | Orc:1    | Found a runed translucent door.
 17880 | Orc:1    | Found the +10 tower shield of Ignorance {rN+ Int-4}
 17890 | Orc:1    | Found a runed translucent door.
 17899 | Orc:1    | Gained mutation: You are mostly covered in sharp spines.
                  | [demonic ancestry]
 17899 | Orc:1    | Reached XP level 14. HP: 103/103 MP: 19/19
 18248 | Orc:2    | Entered Level 2 of the Orcish Mines
 18248 | Orc:2    | Found Goquteu's Magic Scroll Shop.
 18264 | Orc:2    | Found a roughly hewn altar of Beogh.
 18297 | Orc:2    | Found a roughly hewn altar of Beogh.
 18319 | Orc:2    | Received a gift from Okawaru
 18339 | Orc:2    | Found a staircase to the Elven Halls.
 18691 | Orc:2    | Found a roughly hewn altar of Beogh.
 18697 | Orc:2    | Found Sourch's Magic Scroll Shop.
 18704 | Orc:2    | Bought a scroll of magic mapping for 52 gold pieces
 18814 | Orc:2    | Noticed an orc warlord
 18893 | Orc:2    | Killed an orc warlord
 19281 | Orc:2    | Found a roughly hewn altar of Beogh.
 19305 | Orc:2    | Found Kaew Hyff's Antique Armour Shoppe.
 19306 | Orc:2    | Found a roughly hewn altar of Beogh.
 19307 | Orc:2    | Found Uraom's Antique Weapon Emporium.
 19348 | Orc:2    | Found a roughly hewn altar of Beogh.
 19358 | Orc:2    | Found Nakecaco's Antique Armour Shoppe.
 19394 | Orc:2    | Found a roughly hewn altar of Beogh.
 19619 | Lair:5   | Received a gift from Okawaru
 19724 | Lair:5   | Found an ancient bone altar of Kikubaaqudgha.
 19758 | Lair:5   | Found the +2 Maxwell's thermic engine {flame, freeze}
 20530 | Lair:6   | Entered Level 6 of the Lair of Beasts
 20552 | Lair:6   | Reached skill level 10 in Fighting
 21123 | Lair:6   | Found a runed translucent door.
 21374 | Lair:6   | Reached skill level 10 in Dodging
 21982 | Lair:6   | Found a staircase to the Slime Pits.
 22531 | D:12     | Received a gift from Okawaru
 22531 | D:12     | Gained mutation: You are completely covered in large bone
                  | plates. (SH +8) [demonic ancestry]
 22531 | D:12     | Reached XP level 15. HP: 115/115 MP: 20/20
 22532 | D:12     | Found Monnokon's Book Shoppe.
 22534 | D:12     | Got a transparent long sword {god gift}
 22535 | D:12     | Identified the +3 long sword of the Grave {drain, Fragile
                  | +Inv rPois rN+} (Okawaru gifted it to you on level 12 of
                  | the Dungeon)
 22568 | D:12     | Found a flagged portal.
 22585 | Bailey   | Entered a bailey
 22590 | Bailey   | Noticed an orc warlord
 22703 | Bailey   | Found a runed translucent gate.
 22704 | Bailey   | Found a runed translucent gate.
 22705 | Bailey   | Found a runed translucent gate.
 22737 | Bailey   | Killed an orc warlord
 22832 | Bailey   | Identified the Handbook of the Birds and Cold
 22844 | Bailey   | Reached XP level 16. HP: 122/122 MP: 21/21
 22845 | Bailey   | Reached XP level 17. HP: 128/128 MP: 22/22
 22854 | Bailey   | Got a faintly glowing brass ring
 22856 | Bailey   | Identified the ring of Conversion {MP+9 Int+3} (You found
                  | it in a bailey)
 23103 | D:12     | Found Goaddic's Assorted Antiques.
 23111 | D:12     | Bought a scroll of enchant weapon for 217 gold pieces
 23563 | D:12     | Noticed Rupert
 23585 | D:12     | Killed Rupert
 24097 | D:13     | Found a gate to the Vaults.
 24122 | D:13     | Received a gift from Okawaru
 24131 | D:13     | Reached skill level 10 in Throwing
 25094 | D:14     | Received a gift from Okawaru
 25589 | D:15     | Entered Level 15 of the Dungeon
 25671 | D:15     | Received a gift from Okawaru
 25927 | D:15     | Noticed Kirke
 25940 | D:15     | Killed Kirke
 25940 | D:15     | Received a gift from Okawaru
 25952 | D:15     | Got a smoking scimitar {god gift}
 25953 | D:15     | Identified the +1 scimitar of Luumest {vamp, +Inv +Fly
                  | Str+4} (Okawaru gifted it to you on level 15 of the
                  | Dungeon)
 26199 | D:15     | Paralysed by an orc sorcerer for 5 turns
 26238 | D:15     | Found a staircase to the Depths.
 26529 | Snake:1  | Entered Level 1 of the Snake Pit
 26621 | Snake:1  | Found a frozen archway.
 26648 | IceCv    | Entered an ice cave
 26796 | IceCv    | Reached skill level 10 in Shields
 27174 | IceCv    | Received a gift from Okawaru
 27885 | Snake:1  | Noticed Azrael
 27897 | Snake:1  | Received a gift from Okawaru
 27901 | Snake:1  | Killed Azrael
 27922 | Snake:1  | Gained mutation: Your magical and physical power is
                  | slightly enhanced at high health. [demonic ancestry]
 27922 | Snake:1  | Reached XP level 18. HP: 118/134 MP: 21/23
 29802 | Snake:1  | Identified a scroll of acquirement
 29906 | Snake:1  | Acquired a +2 tower shield of reflection
 30792 | Snake:2  | Received a gift from Okawaru
 31186 | Snake:3  | Received a gift from Okawaru
 31199 | Snake:3  | Noticed Aizul
 31206 | Snake:3  | Killed Aizul
 31535 | Snake:3  | Noticed Bai Suzhen
 31556 | Snake:3  | Killed Bai Suzhen
 31897 | Snake:4  | Entered Level 4 of the Snake Pit
 32221 | Snake:4  | Received a gift from Okawaru
 33759 | Snake:4  | Received a gift from Okawaru
 33769 | Snake:4  | Gained mutation: Your magical and physical power is
                  | enhanced at high health. [demonic ancestry]
 33769 | Snake:4  | Reached XP level 19. HP: 148/148 MP: 24/24
 34271 | Snake:4  | Received a gift from Okawaru
 34290 | Snake:4  | Collided with a stone wall

Illustrated notes

Levels and vault maps discovered:
D:1:      onia_arrival_mini_maze, layout_loops_ring, chequers_mini_garden
D:2:      layout_loops_ring, st_stairs_14, minmay_circle_x
D:3:      layout_loops_ring, cheibrodos_ashenzari_chains, uniq_grinder,
          uniq_robin
D:4:      layout_cave_pools, fiery_altar_vehumet,
          minmay_temple_entry_proselytizer, serial_shops, kennysheep_mini,
          nicolae_shop_window_shopping, first_ration,
          ebering_ghost_disaster_area, grunt_gozag_breadcrumbs, uniq_menkaure,
          uniq_edmund
D:5:      layout_cave_pools
D:6:      layout_rooms, serial_shops, shop
D:7:      layout_cave_pods, gammafunk_ghost_abyssal_escape,
          trog_three_pillars_becter, uniq_pikel
D:8:      minmay_recursive_quarters, layout_basic, hex_intersection,
          grunt_livestock, uniq_erica
D:9:      layout_roguey, dpeg_lair_monsters, basic_altar, eino_jars
D:10:     layout_loops_ring
D:11:     layout_loops_ring, hiddenorc2_lemuel
D:12:     layout_roguey [special_room_orc], serial_glass, glass_columns_c,
          glass_columns_b, enter_bailey_2, serial_shops, shop,
          nicolae_shop_trees, uniq_rupert
D:13:     layout_basic, david_vaults_2
D:14:     layout_cave_pools
D:15:     grunt_enter_depths_magical_seal, layout_irregular_city,
          minmay_crystal_room, uniq_kirke
Temple:   grunt_wide_crystal_templ
Lair:1:   layout_small_grid, nicolae_volcano_entry_hallway, uniq_nergalle
Lair:2:   layout_chaotic_city, gauntlet_entry_generic, uniq_prince_ribbit2,
          uniq_gastronok, uniq_fannar
Lair:3:   layout_roguey, minmay_snake_entry_six_corridors, serial_bayou_shore_b
Lair:4:   layout_loops_ring, minmay_shoals_entry_hut, small_statue_intersection,
          minmay_shattered_shrine, uniq_sonja
Lair:5:   layout_layer_cave, basic_altar, beast_lair_carwin_2
Lair:6:   wormcave, layout_loops_ring, dpeg_slime_entry_corner,
          cheibrodos_lair_lostbears, lemuel_fruit_fields, grunt_megastairs_3
Snake:1:  layout_cave_pods, portal_ice_cave_entry_ugly_swarm, uniq_azrael
Snake:2:  layout_onion_interference
Snake:3:  layout_misc_corridors, serial_bayou_shore_a, uniq_bai_suzhen,
          uniq_aizul
Snake:4:  grunt_snake_rune_pools, layout_misc_corridors, minmay_snake_pond,
          grunt_megastairs_2
Orc:1:    layout_caves, chequers_guarded_unrand_ignorance
Orc:2:    grunt_orc_community_town_hall, layout_caves,
          grunt_orc_community_big_house_2, grunt_orc_community_big_house_2,
          grunt_orc_community_house_3, grunt_orc_community_house_1,
          grunt_orc_community_house_1, grunt_orc_community_house_3,
          serial_shops, shop, basic_altar

Skill      XL: |  1  2  3  4  5  6  7  8  9 10 11 12 13 14 15 16 17 18 19 |
---------------+----------------------------------------------------------+-----
Long Blades    | 3 4 5 6 8 10 12 15 16 | 16.9
Dodging        | 3 5 10 | 10.0
Armour         | 1 2 3 4 5 8 9 10 | 10.0
Fighting       | 3 4 5 7 10 12 13 | 13.4
Shields        | 1 2 3 5 11 14 | 14.6
Invocations    | 5 7 |  7.0
Throwing       | 5 6 7 10 | 10.0

Action                   |  1- 3 |  4- 6 |  7- 9 | 10-12 | 13-15 | 16-18 | 19-21 || total
-------------------------+-------+-------+-------+-------+-------+-------+-------++-------
Melee: Long sword        |   133 |   122 |   321 |       |       |       |       ||   576
       Headbutt          |       |    25 |    83 |   135 |   172 |   290 |    24 ||   729
       Scimitar          |       |       |    39 |   335 |     1 |       |       ||   375
       Double sword      |       |       |       |    93 |   536 |   892 |    81 ||  1602
Throw: Boomerang         |       |       |       |       |    20 |     5 |       ||    25
       Throwing net      |       |       |       |       |     1 |       |       ||     1
Invok: Heroism           |       |       |       |     4 |     2 |     2 |       ||     8
       Finesse           |       |       |       |     3 |     2 |     4 |     1 ||    10
Evoke: Wand              |       |     4 |       |       |     5 |       |       ||     9
  Use: Potion            |       |     3 |     6 |     1 |     1 |     5 |     5 ||    21
       Scroll            |       |       |     6 |    16 |    13 |    12 |       ||    47
 Stab: Sleeping          |       |       |       |       |     3 |     1 |       ||     4
       Distracted        |       |       |       |       |       |     3 |       ||     3
  Eat: Chunk             |     3 |     6 |    14 |    17 |    21 |    19 |       ||    80
       Ration            |       |       |       |     1 |     2 |     5 |       ||     8
Armor: Plate armour      |    90 |    68 |    61 |       |       |       |       ||   219
       Leather armour    |    12 |       |       |       |       |       |       ||    12
       Skin              |       |    15 |    19 |       |       |       |       ||    34
       Ring mail         |       |       |    50 |    89 |    98 |   125 |    14 ||   376
Dodge: Dodged            |    47 |    22 |   105 |   143 |   196 |   354 |    43 ||   910
       Repelled          |       |       |       |       |       |    17 |       ||    17
Block: Buckler           |       |    14 |   160 |   224 |   299 |   407 |       ||  1104
       Tower shield      |       |       |       |       |       |   454 |   166 ||   620
       Reflection        |       |       |       |       |       |    65 |    31 ||    96
       Rpst.: Long sword |    24 |     5 |    24 |       |       |       |       ||    53
       Scimitar          |       |       |     1 |    30 |       |       |       ||    31
       Double sword      |       |       |       |     4 |    44 |    57 |     8 ||   113
